AoeStats
← monJ3__

Nomad

510825834Analyzed
2v2 RM · 1d ago on Oct 2, 2026· 22m 21s· 4 players
Game mode
Random Map
Map size
176×176
Population
200
Speed
Normal
Resources
Standard
Victory
Conquest
Starting age
Dark Age
Ending age
Imperial Age
RankedLock teamsTeams togetherTeam positionsShared explorationLock speedFull tech treeHidden civsTurbo modeCheats
Victory
Defeat
🇬🇧 Malians · United Kingdom
1284
+17
🇦🇷 Huns · Argentina
1275
+17
🇩🇪 Persians · Germany
1314
-17
🇩🇪 Vietnamese · Germany
1303
-17
monJ3__
13:23 Feudal Age
11:40 Loom
17:04 Gold Mining
20:06 Castle Age
18:55 Double-Bit Axe
21:06 Bloodlines
Bubbs
7:21 Loom
14:00 Feudal Age
19:01 Castle Age
16:54 Fishing Lines
19:52 Wheelbarrow
19:13 Fletching
p0cketPaule
5:31 Loom
13:13 Feudal Age
13:40 Double-Bit Axe
16:41 Fletching
Brunnski_de
4:25 Loom
12:43 Feudal Age
19:19 Castle Age
17:18 Double-Bit Axe
18:20 Fishing Lines
19:57 Medium Warships
Connection lost

Rejoining the realm…

Still unreachable

The connection could not be restored.

Session expired

The server has moved on; the page needs a fresh start.